 Dungeon Crawl Stone Soup version 0.30-a0-723-gc1506a1cf0 (webtiles) character file.

Game seed: 1159593487831974552

72816 sokol815 the Unseen (level 15, -8/77 HPs)
             Began as a Vine Stalker Air Elementalist on Jan 29, 2023.
             Was a Follower of Uskayaw.
             Hit by a silver javelin thrown by a minotaur (18 damage)
             ... in a Gauntlet.
             The game lasted 01:40:21 (23349 turns).

sokol815 the Unseen (VSAE)                         Turns: 23349, Time: 01:40:21

Health: -8/77      AC: 12    Str: 11    XL:     15   Next: 41%
Magic:  0/37       EV: 13    Int: 19    God:    Uskayaw [*.....]
Gold:   2187       SH:  6    Dex: 17    Spells: 11/30 levels left

rFire   + . .      SeeInvis .    a - +7 short sword (drain)
rCold   + . .      Faith    .    F - +1 buckler
rNeg    + . .      Spirit   +    Q - +2 steam dragon scales
rPois   +          Reflect  .    j - +0 helmet
rElec   .          Harm     .    c - +1 cloak {rCorr}
rCorr   +          Rampage  .    f - +0 pair of gloves {Dex+3}
Will    ++...      NoTele   +    y - +0 pair of boots {Stlth+}
Stlth   +++++++                  Z - amulet of Utwoal Ereti {RegenMP rF+ rC+ Will+ Dex-4}
HPRegen 1.12/turn                o - ring of the Modern Runes {rN+ MP+9}
MPRegen 0.65/turn                k - ring of poison resistance {rPois, !d}

@: very slightly contaminated
A: fangs 3, regeneration 1, magic shield, antimagic bite, no potion heal 2
a: Renounce Religion, Stomp


You were in a Gauntlet.
You worshipped Uskayaw.
Uskayaw was noncommittal.
You visited 4 branches of the dungeon, and saw 21 of its levels.
You visited the Abyss 1 time.
You also visited: Ossuary, Gauntlet and Volcano.

You collected 2187 gold pieces.

Inventory:

Hand Weapons
 a - a +7 short sword of draining (weapon)
   (You took it off a kobold on level 1 of the Dungeon)
 n - a +2 battleaxe of freezing
   (You found it in a Gauntlet)
 w - a +2 dagger of speed
   (You took it off an orc wizard on level 11 of the Dungeon)
 G - a +1 dagger of distortion {!w}
   (You took it off an orc wizard on level 11 of the Dungeon)
Missiles
 s - a throwing net {!d}
 t - 7 javelins
 x - 13 poisoned darts
 K - 9 curare-tipped darts
Armour
 b - a +4 chain mail of fire resistance
   (You took it off an orc warlord on level 2 of the Orcish Mines)
 c - a +1 cloak of preservation (worn)
   (You found it in a Gauntlet)
 d - a +2 cloak
   (You found it on level 8 of the Dungeon)
 e - a +1 pair of gloves
   (You found it on level 2 of the Dungeon)
 f - a +0 pair of gloves of dexterity (worn)
   (You found it in a Gauntlet)
 j - a +0 helmet (worn)
   (You found it on level 1 of the Dungeon)
 y - a +0 pair of boots of stealth (worn)
   (You found it on level 3 of the Lair of Beasts)
 F - a +1 buckler (worn)
   (You found it on level 1 of the Dungeon)
 Q - +2 steam dragon scales (worn)
   (You took it off Maggie on level 7 of the Dungeon)
Magical Staves
 i - a staff of conjuration
   (You found it on level 9 of the Dungeon)
Jewellery
 k - a ring of poison resistance (right hand) {rPois, !d}
   (You took it off an orc on level 4 of the Dungeon)
 o - the ring of the Modern Runes (left hand) {rN+ MP+9}
   (You found it on level 4 of the Lair of Beasts)

   [ring of magical power]

   rN:        It protects you from negative energy.
   MP:        It affects your magic capacity (+9).
 u - a ring of ice {rC+, rF-}
   (You found it on level 7 of the Dungeon)
 z - the Hermit's Pendant {Faith Invo=14 Evo=0 MP+5}
   (You found it on level 5 of the Dungeon)

   [amulet of faith]

   Invo=14: It sets your Invocations skill to 14.
   Evo=0: It sets your Evocations skill to 0.
   It allows you to gain divine favour quickly.
   MP:        It affects your magic capacity (+5).
 A - a ring of resist corrosion
   (You found it on level 3 of the Dungeon)
 N - an amulet of reflection
   (You found it on level 3 of the Lair of Beasts)
 V - an amulet of the acrobat
   (You found it on level 9 of the Dungeon)
 W - a ring of willpower
   (You found it on level 2 of the Lair of Beasts)
 Z - the amulet of Utwoal Ereti (around neck) {RegenMP rF+ rC+ Will+ Dex-4}
   (You found it on level 9 of the Dungeon)

   [amulet of magic regeneration]

   It increases your rate of magic regeneration.
   Dex:       It affects your dexterity (-4).
   rF:        It protects you from fire.
   rC:        It protects you from cold.
   Will:      It increases your willpower.
Wands
 m - a wand of light (2)
   (You found it on level 11 of the Dungeon)
 p - a wand of paralysis (4)
   (You found it on level 12 of the Dungeon)
 q - a wand of flame (30)
   (You found it on level 4 of the Dungeon)
Scrolls
 v - 4 scrolls of amnesia
 D - 4 scrolls of blinking {!r}
 E - a scroll of fear
 O - 4 scrolls of fog
 X - 4 scrolls of magic mapping {@r4!r}
 Y - 14 scrolls of teleportation {@r3}
Potions
 g - a potion of might
 r - 4 potions of attraction {!q}
 B - 3 potions of brilliance
 H - 2 potions of haste
 I - 2 potions of invisibility
 J - 11 potions of curing {@q1}
 L - a potion of flight
 M - a potion of magic
 P - 5 potions of lignification {!q}
 R - a potion of resistance
 T - a potion of berserk rage {!q}
 U - 3 potions of mutation {!q}
Miscellaneous
 h - a piece from Xom's chessboard (15/15)
   (You found it in a Gauntlet)
 l - a condenser vane (inert)
   (You found it on level 5 of the Lair of Beasts)


   Skills:
 - Level 8.0 Fighting
 - Level 10.0 Short Blades
 - Level 4.0 Dodging
 - Level 15.0 Stealth
 - Level 4.0 Shields
 - Level 8.0 Spellcasting
 - Level 9.2 Conjurations
 - Level 10.0 Summonings
 * Level 11.2 Air Magic
 - Level 6.0 Invocations


You had 11 spell levels left.
You knew the following spells:

 Your Spells              Type           Power      Damage    Failure   Level
a - Shock                 Conj/Air       100%       1d9       1%          1
b - Static Discharge      Conj/Air       92%        2-6/arc   1%          2
c - Airstrike             Air            25%        2d(4-20)  1%          4
d - Summon Lightning Spi  Summ/Air       47%        N/A       1%          4
s - Swiftness             Air            50%        N/A       1%          3
x - Lightning Bolt        Conj/Air       23%        1d38      4%          5

Your spell library contained the following spells:

 Spells                   Type           Power      Damage    Failure   Level
 Call Canine Familiar     Summ           45%        N/A       1%          3
 Dazzling Flash           Conj/Hex       50%        N/A       5%          3
 Hailstorm                Conj/Ice       25%        3d7       5%          3
 Freeze                   Ice            28%        1d5       12%         1
 Slow                     Hex            28%        N/A       12%         1
 Scorch                   Fire           14%        2d6       17%         2
 Flame Wave               Conj/Fire      25%        2d8       17%         4
 Summon Cactus Giant      Summ           22%        N/A       28%         6
 Silence                  Hex/Air        14%        N/A       32%         5
 Confusing Touch          Hex            7%         N/A       34%         3
 Frozen Ramparts          Ice            14%        1d3       34%         3
 Portal Projectile        Hex/Tloc       14%        N/A       34%         3
 Vampiric Draining        Necr           7%         2d6       34%         3
 Summon Forest            Summ/Tloc      13%        N/A       38%         5
 Summon Mana Viper        Hex/Summ       26%        N/A       38%         5
 Ice Form                 Ice/Tmut       7%         N/A       75%         4
 Leda's Liquefaction      Hex/Erth       3%         N/A       75%         4
 Petrify                  Tmut/Erth      7%         N/A       75%         4
 Summon Hydra             Summ           22%        N/A       85%         7
 Agony                    Necr           7%         N/A       97%         5
 Metabolic Englaciation   Hex/Ice        3%         N/A       97%         5
 Eringya's Noxious Bog    Tmut/Pois      3%         N/A       100%        6
 Simulacrum               Ice/Necr       3%         N/A       100%        6
 Statue Form              Tmut/Erth      4%         N/A       100%        6


Dungeon Overview and Level Annotations

Branches:
Dungeon (13/15) Zot: 25473  Temple (1/1) D:5 Zot: 5968    Lair (5/5) D:9 Zot: 23892
 Shoals (0/4) Lair:3        Snake (0/4) Lair:3        Slime (0/5) Lair:5
    Orc (2/2) D:11 Zot: 11586     Elf (0/3) Orc:2        Vaults (0/5) D:13
Ossuary (visited)         Volcano (visited)         Gauntlet (1/1) Zot: 5626

Altars:
Ashenzari
Cheibriados
Dithmenos
Elyvilon
Fedhas
Gozag
Hepliaklqana
Kikubaaqudgha
Makhleb
Nemelex Xobeh
Okawaru
Qazlal
Ru
Sif Muna
Trog
Uskayaw
Vehumet
Wu Jian
Xom
Yredelemnul
Zin
The Shining One
Jiyva

Shops:
D:5 (   D:10 *

Annotations:
D:6 3 runed translucent doors, yumyumyeen's ghost, novice GnHu
Temple 2 transporters
Lair:3 exclusions: hydra and wyvern
Lair:5 1 runed translucent door Gauntlet 8 transporters, exclusion: ice statue


Innate Abilities, Weirdness & Mutations

You have razor-sharp teeth.
Your natural rate of healing is unusually fast.
When hurt, damage is shared between your health and your magic reserves.
Your bite disrupts and absorbs the magic of your enemies.
Potions cannot restore your health.


Message History

Your extra speed is starting to run out.
Health restored: 77 You regained 7 mp, and now have 24/37 mp.
You feel yourself slow down.
You see here a piece from Xom's chessboard (15/15).
c - a +1 cloak of preservation MP restored: 37 You start removing your armour.
You continue taking off your +2 cloak. x4
You finish taking off your +2 cloak.
You start putting on your armour.
You continue putting on your +1 cloak of preservation. x5
You finish putting on your +1 cloak of preservation.
You see here a piece from Xom's chessboard (15/15).
There is a transporter here.
You see here a +2 battleaxe of freezing.
There is a transporter here.
There are no items here.
There is a transporter here.
You see here a piece from Xom's chessboard (15/15).
h - a piece from Xom's chessboard (15/15)
There is a transporter here.
You see here a +2 battleaxe of freezing.
n - a +2 battleaxe of freezing
There is a transporter here.
You enter the transporter and appear at another place.
You open the door.
A minotaur comes into view.
It is wielding the +3 trident of the Gazing Shark {speed, Contam rF+ rCorr}, wearing the +7 ring mail of Vyuphum {rF+ SInv}, wearing the -2 tower shield of Chimes {rPois Int+4} and quivering silver javelins.
The minotaur bellows!
The minotaur moves out of view.
Unknown command.
An electric hum fills the air.
You now have 33/37 mp.
Your lightning spire shoots out a bolt of lightning at the minotaur!
The bolt of electricity hits the minotaur!
Aim: a minotaur, wielding the +3 trident of the Gazing Shark {speed, Contam rF+ rCorr}, wearing the +7 ring mail of Vyuphum {rF+ SInv}, wearing the -2 tower shield of Chimes {rPois Int+4} and quivering silver javelins (lightly wounded, ally target, empty space bonus: 4/8)
Okay, then.
Unknown command.
Clouds of noxious fumes condense around you!
The condenser dries out!
The minotaur throws a silver javelin.
The silver javelin pierces through you!
You take 11 damage, and have 66/77 hp.
You now have 32/37 mp.
Here: a minotaur, wielding the +3 trident of the Gazing Shark {speed, Contam rF+ rCorr}, wearing the +7 ring mail of Vyuphum {rF+ SInv}, wearing the -2 tower shield of Chimes {rPois Int+4} and quivering silver javelins (noxious fumes, lightly wounded, ally target)
The floor.
Unknown command.
Aim: a minotaur, wielding the +3 trident of the Gazing Shark {speed, Contam rF+ rCorr}, wearing the +7 ring mail of Vyuphum {rF+ SInv}, wearing the -2 tower shield of Chimes {rPois Int+4} and quivering silver javelins (noxious fumes, lightly wounded, ally target, 86% to hit)
The bolt of light hits the minotaur!
The minotaur is blinded.
The minotaur hits you but does no damage.
Aim: a minotaur, wielding the +3 trident of the Gazing Shark {speed, Contam rF+ rCorr}, wearing the +7 ring mail of Vyuphum {rF+ SInv}, wearing the -2 tower shield of Chimes {rPois Int+4} and quivering silver javelins (noxious fumes, moderately wounded, blind, ally target, empty space bonus: 4/8)
You miscast Airstrike.
You are very lightly contaminated with residual magic.
Nothing appears to happen.
The minotaur hits you from afar with the +3 trident of the Gazing Shark {speed, Contam rF+ rCorr}!
Your lightning spire shoots out a bolt of lightning at the minotaur!
The bolt of electricity hits the minotaur!
You take 8 damage, and have 59/77 hp.
You now have 26/37 mp.
Aim: a minotaur, wielding the +3 trident of the Gazing Shark {speed, Contam rF+ rCorr}, wearing the +7 ring mail of Vyuphum {rF+ SInv}, wearing the -2 tower shield of Chimes {rPois Int+4} and quivering silver javelins (noxious fumes, moderately wounded, blind, ally target, empty space bonus: 4/8)
The air twists around and strikes the minotaur but does no damage.
The minotaur hits you from afar with the +3 trident of the Gazing Shark {speed, Contam rF+ rCorr}!!
You take 19 damage, and have 40/77 hp.
MASSIVE DAMAGE!!
You now have 15/37 mp.
Aim: a minotaur, wielding the +3 trident of the Gazing Shark {speed, Contam rF+ rCorr}, wearing the +7 ring mail of Vyuphum {rF+ SInv}, wearing the -2 tower shield of Chimes {rPois Int+4} and quivering silver javelins (noxious fumes, moderately wounded, blind, ally target, empty space bonus: 4/8)
The air twists around and strikes the minotaur but does no damage.
You now have 11/37 mp.
Aim: a minotaur, wielding the +3 trident of the Gazing Shark {speed, Contam rF+ rCorr}, wearing the +7 ring mail of Vyuphum {rF+ SInv}, wearing the -2 tower shield of Chimes {rPois Int+4} and quivering silver javelins (noxious fumes, moderately wounded, blind, ally target, empty space bonus: 5/8)
The air twists around and strikes the minotaur.
The minotaur throws a silver javelin.
The silver javelin pierces through you!
Your lightning spire shoots out a bolt of lightning at the minotaur!
The bolt of electricity hits the minotaur!
You take 8 damage, and have 33/77 hp.
You now have 6/37 mp.
Aim: a minotaur, wielding the +3 trident of the Gazing Shark {speed, Contam rF+ rCorr}, wearing the +7 ring mail of Vyuphum {rF+ SInv}, wearing the -2 tower shield of Chimes {rPois Int+4} and quivering silver javelins (noxious fumes, heavily wounded, blind, ally target, empty space bonus: 5/8)
The air twists around and strikes the minotaur!
The minotaur is no longer blind.
Your lightning spire shoots out a bolt of lightning at the minotaur!
The bolt of electricity hits the minotaur.
You now have 2/37 mp.
Unknown command.
You don't have enough magic to cast this spell.
Aim: a minotaur, wielding the +3 trident of the Gazing Shark {speed, Contam rF+ rCorr}, wearing the +7 ring mail of Vyuphum {rF+ SInv}, wearing the -2 tower shield of Chimes {rPois Int+4} and quivering silver javelins (noxious fumes, severely wounded, not watching you, ally target, chance to affect: 1%)
Okay, then.
Aim: a minotaur, wielding the +3 trident of the Gazing Shark {speed, Contam rF+ rCorr}, wearing the +7 ring mail of Vyuphum {rF+ SInv}, wearing the -2 tower shield of Chimes {rPois Int+4} and quivering silver javelins (noxious fumes, severely wounded, not watching you, ally target, 86% to hit)
The bolt of light hits the minotaur!
The minotaur is blinded.
The minotaur misses you.
The minotaur hits you from afar with the +3 trident of the Gazing Shark {speed, Contam rF+ rCorr}!!
* * * LOW HITPOINT WARNING * * *
You take 22 damage, and have 12/77 hp.
MASSIVE DAMAGE!!
You don't have enough magic to cast this spell.
Magic courses through your body.
The minotaur throws a silver javelin.
The silver javelin pierces through you!
* * * LOW HITPOINT WARNING * * *
x2 Your lightning spire shoots out a bolt of lightning at the minotaur!
The bolt of electricity hits the minotaur.
You take 3 damage, and have 9/77 hp.
You regained 14 mp, and now have 16/37 mp.
Aim: a minotaur, wielding the +3 trident of the Gazing Shark {speed, Contam rF+ rCorr}, wearing the +7 ring mail of Vyuphum {rF+ SInv}, wearing the -2 tower shield of Chimes {rPois Int+4} and quivering silver javelins (noxious fumes, almost dead, blind, ally target, empty space bonus: 4/8)
The air twists around and strikes the minotaur but does no damage.
The minotaur throws a silver javelin.
The silver javelin pierces through you!!
You die...

##.###...#..##..#.
......8.#..#(.#..
..#.#...#..#.#..#
#######.#.#...#..######
(8[8.8#.. #.©.#≈.......
...H..'§###...#∩.......
#H§.#.©.#≈.......
#####§#.#...#..######
#...@8#.#...#..#.....
#8........8.#..#..##^
##.##.###...#..#.#..#
#........8.#..#.#..#
########...#..#©.###
#≈8§#..#.#..#
#####..#.#..#
##..#..##^ #8#..#.....


You could see a minotaur (blind, ally target) and a friendly lightning spire
(summoned).

Vanquished Creatures
  Rupert (D:13)
  A red draconian (Volcano)
  An entropy weaver (Gauntlet)
  4 hydras
  A hell beast (Gauntlet)
  4 boulder beetles
  4 catoblepae
  3 centaur warriors (D:13)
  A two-headed ogre (D:8)
  Urug (D:13)
  10 death yaks
  2 thrashing horrors (Abyss:1)
  3 wretched stars (Abyss:1)
  2 ugly things (D:13)
  A wolf spider (Gauntlet)
  Pikel (D:5)
  An orc knight (Volcano)
  2 manticores (Lair:5)
  2 salamanders (Volcano)
  7 cyclopes
  A will-o-the-wisp (Abyss:1)
  2 merfolk sirens (Lair:3)
  3 molten gargoyles (Volcano)
  4 black mambas
  15 elephants (Lair:5)
  13 cane toads
  Maggie (D:7)
  4 gargoyles
  A centaur skeleton (Abyss:1)
  An unseen horror (D:12)
  2 rime drakes (Lair:5)
  14 komodo dragons
  An ancient zyme (Abyss:1)
  2 kobold demonologists (D:10)
  2 merfolk (Lair:3)
  3 trolls
  A polar bear (Lair:3)
  2 hornets
  8 blink frogs
  5 raiju (Abyss:1)
  5 dream sheep (D:9)
  A jumping spider (Gauntlet)
  A large abomination (Abyss:1)
  2 small abominations (Abyss:1)
  A vampire (D:12)
  4 wyverns
  A shadow (D:11)
  3 wraiths
  42 yaks
  14 humans (D:13)
  3 steam dragons
  A redback (Gauntlet)
  2 basilisks
  Menkaure (D:6)
  4 nagas (Lair:3)
  An acid dragon (D:10)
  12 water moccasins
  4 hell hounds
  3 orc warriors
  6 black bears
  A sky beast (D:7)
  9 wolves
  4 centaurs
  2 ogres
  A centaur (shapeshifter) (D:13)
  4 lemures (D:5)
  A phantom (D:3)
  4 kobold brigands
  14 bullfrogs
  9 scorpions
  3 gnoll sergeants
  9 wights
  14 killer bees
  An electric eel (Lair:1)
  3 howler monkeys
  2 centaur zombies (Ossuary)
  5 hounds
  5 human zombies (Ossuary)
  3 jellies
  9 orc priests
  4 iguanas
  An iron imp (Abyss:1)
  5 scorpion zombies (Ossuary)
  7 orc wizards
  3 mummies (Ossuary)
  9 adders
  19 gnolls
  A river rat (Lair:2)
  A shadow imp (D:7)
  A white imp (D:8)
  An ufetubus (D:5)
  2 worms
  4 dart slugs
  67 orcs
  A bat (D:1)
  2 endoplasms
  3 giant cockroaches
  6 hobgoblins
  2 quokkas
  6 ball pythons
  2 frilled lizards
  9 goblins
  A goblin zombie (Ossuary)
  A hobgoblin zombie (Ossuary)
  17 kobolds
  3 kobold zombies (Ossuary)
  An orc zombie (Ossuary)
  9 rats
539 creatures vanquished.

Vanquished Creatures (collateral kills)
  An orc warlord (Orc:2)
  2 humans (D:13)
  4 orc warriors
  A gnoll sergeant (D:12)
  2 wights (Abyss:1)
  2 orc priests
  3 gnolls (D:12)
  2 orcs (Orc:2)
17 creatures vanquished.

Vanquished Creatures (others)
  An orc (Orc:2)
  A bush (Lair:5)
  2 foxfires (Abyss:1)
  50 fungi
  57 plants
  14 withered plants (Gauntlet)
125 creatures vanquished.

Grand Total: 681 creatures vanquished

Notes
Turn   | Place    | Note
-------+----------+-------------------------------------------
     0 | D:1      | sokol815 the Vine Stalker Air Elementalist began the quest
                  | for the Orb.
     0 | D:1      | Reached XP level 1. HP: 9/9 MP: 4/4
   236 | D:1      | Reached XP level 2. HP: 13/13 MP: 4/6
   350 | D:1      | Reached skill level 2 in Conjurations
   886 | D:2      | Reached XP level 3. HP: 14/16 MP: 1/7
  1044 | D:2      | Found Vapos's Antique Weapon Shoppe.
  1178 | D:2      | Reached skill level 1 in Shields
  1305 | D:2      | Learned a level 3 spell: Swiftness
  1311 | D:2      | Learned a level 2 spell: Static Discharge
  1418 | D:2      | Gained mutation: Your natural rate of healing is unusually
                  | fast. [Vine Stalker growth]
  1418 | D:2      | Reached XP level 4. HP: 21/21 MP: 8/8
  1609 | D:2      | Reached skill level 3 in Conjurations
  2467 | D:3      | Reached skill level 2 in Shields
  3002 | D:4      | Reached XP level 5. HP: 22/24 MP: 0/9
  3047 | D:4      | HP: 4/24 [orc priest/divine providence (12)]
  3054 | D:4      | HP: 5/24 [howler monkey (1)]
  3119 | D:4      | Noticed a phantom
  3143 | D:3      | Killed a phantom
  3144 | D:3      | Reached skill level 3 in Shields
  3274 | D:4      | Found a sand-covered staircase.
  3294 | D:4      | Reached XP level 6. HP: 20/28 MP: 6/10
  3321 | Ossuary  | Entered an ossuary
  3343 | Ossuary  | Reached skill level 4 in Shields
  3343 | Ossuary  | Reached skill level 4 in Conjurations
  3658 | Ossuary  | Reached skill level 4 in Air Magic
  3658 | Ossuary  | Reached XP level 7. HP: 32/32 MP: 0/12
  3789 | Ossuary  | Reached skill level 3 in Spellcasting
  4238 | Ossuary  | Reached skill level 5 in Air Magic
  4510 | Ossuary  | Reached skill level 4 in Spellcasting
  4510 | Ossuary  | Gained mutation: You have razor-sharp teeth. [Vine Stalker
                  | growth]
  4510 | Ossuary  | Reached XP level 8. HP: 31/36 MP: 5/15
  4814 | D:4      | Reached skill level 5 in Conjurations
  4979 | D:3      | Reached skill level 6 in Air Magic
  5422 | D:5      | Entered Level 5 of the Dungeon
  5422 | D:5      | Found a staircase to the Ecumenical Temple.
  5432 | Temple   | Entered the Ecumenical Temple
  5432 | Temple   | Found a transporter.
  5432 | Temple   | Found a transporter.
  5434 | Temple   | Found a transporter.
  5434 | Temple   | Found a transporter.
  5450 | Temple   | Became a worshipper of Uskayaw the Reveller
  5491 | D:4      | Learned a level 4 spell: Airstrike
  5519 | D:5      | Reached * piety under Uskayaw
  5521 | D:5      | Reached ** piety under Uskayaw
  5646 | D:5      | Found a shadowy altar of Dithmenos.
  5684 | D:5      | Reached *** piety under Uskayaw
  5903 | D:5      | Found a faded altar of an unknown god.
  5903 | D:5      | Noticed a hornet
  5903 | D:5      | Found the Hermit's Pendant {Faith Invo=14 Evo=0 MP+5}
  5906 | D:5      | Paralysed by a hornet for 2 turns
  5909 | D:5      | HP: 7/36 [hornet (7)]
  6077 | D:5      | Found Yciutipi's Antique Weapon Shoppe.
  6362 | D:5      | Noticed a yak
  6362 | D:5      | Noticed a yak
  6364 | D:5      | Noticed a yak
  6364 | D:5      | Noticed a yak
  6365 | D:5      | Noticed a yak
  6369 | D:5      | Reached **** piety under Uskayaw
  6372 | D:5      | Killed a yak
  6372 | D:5      | Killed a yak
  6372 | D:5      | Reached ***** piety under Uskayaw
  6373 | D:5      | Reached skill level 5 in Spellcasting
  6373 | D:5      | Reached skill level 7 in Air Magic
  6373 | D:5      | Reached XP level 9. HP: 39/39 MP: 11/17
  6374 | D:5      | Reached skill level 8 in Air Magic
  6379 | D:5      | HP: 8/39 [yak (4)]
  6383 | D:5      | HP: 3/39 [yak (8)]
  6509 | D:6      | HP: 5/39 [yak (9)]
  6632 | D:5      | HP: 3/39 [hornet (10)]
  6638 | D:5      | Killed a hornet
  6639 | D:5      | Reached skill level 9 in Air Magic
  7077 | D:6      | Found a runed translucent gate.
  7162 | D:6      | Found a runed translucent gate.
  7162 | D:6      | Found a runed translucent gate.
  7164 | D:6      | Noticed yumyumyeen's ghost (novice GnHu)
  7265 | D:6      | Noticed Menkaure
  7276 | D:6      | Killed Menkaure
  7277 | D:6      | Reached skill level 1 in Short Blades
  7277 | D:6      | Reached skill level 3 in Stealth
  7506 | D:6      | Reached skill level 4 in Stealth
  7544 | D:6      | Reached skill level 2 in Short Blades
  7799 | D:6      | Noticed Pikel
  7863 | D:5      | Killed Pikel
  7863 | D:5      | Reached ****** piety under Uskayaw
  7864 | D:5      | Reached skill level 3 in Short Blades
  7864 | D:5      | Reached skill level 5 in Stealth
  7864 | D:5      | Reached skill level 10 in Air Magic
  7864 | D:5      | Reached XP level 10. HP: 36/44 MP: 17/21
  8248 | D:7      | Reached skill level 6 in Stealth
  8296 | D:7      | Reached skill level 4 in Short Blades
  8419 | D:7      | Identified the +3 ring mail "Becvihy" {Slay+3}
  8576 | D:7      | Noticed Maggie
  8590 | D:7      | Killed Maggie
  8591 | D:7      | Reached skill level 7 in Stealth
  9166 | D:8      | Noticed a two-headed ogre
  9177 | D:8      | Killed a two-headed ogre
  9178 | D:8      | Reached skill level 5 in Short Blades
  9178 | D:8      | Reached skill level 8 in Stealth
  9364 | D:8      | Found a snail-covered altar of Cheibriados.
  9364 | D:8      | Found a glowing silver altar of Zin.
  9962 | D:9      | Identified the amulet of Utwoal Ereti {RegenMP rF+ rC+
                  | Will+ Dex-4}
 10047 | D:9      | Reached skill level 6 in Short Blades
 10047 | D:9      | Reached skill level 9 in Stealth
 10102 | D:9      | Reached skill level 1 in Invocations
 10102 | D:9      | Reached XP level 11. HP: 47/47 MP: 19/19
 10132 | D:9      | Found a staircase to the Lair.
 10201 | D:9      | Reached skill level 2 in Invocations
 10215 | D:9      | Reached skill level 10 in Stealth
 10637 | D:9      | Reached skill level 7 in Short Blades
 10637 | D:9      | Reached skill level 3 in Invocations
 10638 | D:9      | Found a burning altar of Makhleb.
 10693 | D:9      | Found an ornate altar of the Wu Jian Council.
 10949 | D:10     | Entered Level 10 of the Dungeon
 10956 | D:10     | Found Sewkasua's CLEARANCE SALE!.
 11135 | D:10     | Reached skill level 4 in Invocations
 11398 | D:10     | Reached skill level 5 in Invocations
 11587 | D:10     | Reached skill level 8 in Short Blades
 11806 | Lair:1   | Entered Level 1 of the Lair of Beasts
 11919 | D:9      | Reached skill level 11 in Stealth
 11949 | D:9      | Reached XP level 12. HP: 45/51 MP: 20/20
 11962 | D:9      | Reached skill level 6 in Invocations
 12327 | Lair:1   | Learned a level 5 spell: Lightning Bolt
 12342 | Lair:1   | Reached skill level 6 in Conjurations
 12728 | Lair:1   | Noticed a four-headed hydra
 12739 | Lair:1   | Killed a four-headed hydra
 12974 | Lair:2   | Found a dark tunnel.
 12998 | Volcano  | Entered a volcano
 13055 | Volcano  | HP: 12/51 [gargoyle/stone arrow (7)]
 13060 | Volcano  | Reached skill level 12 in Stealth
 13061 | Volcano  | Reached skill level 9 in Short Blades
 13294 | Volcano  | Noticed an orb of fire
 13346 | Volcano  | Noticed a red draconian
 13369 | Volcano  | Noticed an orb of fire
 13420 | Volcano  | HP: 11/51 [red draconian/searing blast (6)]
 13424 | Volcano  | HP: 1/51 [red draconian/+0 battleaxe (13)]
 13508 | Volcano  | Killed a red draconian
 13509 | Volcano  | Reached skill level 7 in Conjurations
 13510 | Volcano  | HP: 12/51 [orc knight/+1 dire flail of flaming (2)]
 14009 | Lair:2   | Reached skill level 13 in Stealth
 14393 | Lair:2   | Reached skill level 8 in Conjurations
 14461 | Lair:2   | Reached XP level 13. HP: 48/55 MP: 17/21
 14706 | Lair:3   | Reached skill level 10 in Short Blades
 14846 | Lair:3   | Found a staircase to the Shoals.
 14890 | Lair:3   | Reached skill level 14 in Stealth
 15131 | Lair:2   | Reached skill level 11 in Air Magic
 15210 | Lair:3   | Reached skill level 9 in Conjurations
 15269 | Lair:3   | Found a staircase to the Snake Pit.
 16356 | Lair:4   | Learned a level 4 spell: Summon Lightning Spire
 16464 | Lair:4   | Identified the ring of the Modern Runes {rN+ MP+9}
 16932 | Lair:4   | Reached skill level 1 in Fighting
 16932 | Lair:4   | Reached skill level 1 in Summonings
 17307 | Lair:5   | Entered Level 5 of the Lair of Beasts
 17458 | Lair:5   | Found a runed translucent door.
 17459 | Lair:5   | Found a viscous altar of Jiyva.
 17469 | Lair:5   | Found a staircase to the Slime Pits.
 17494 | Lair:5   | Reached skill level 2 in Dodging
 17501 | Lair:5   | Reached skill level 2 in Summonings
 17626 | Lair:5   | Reached skill level 2 in Fighting
 17686 | Lair:5   | Reached skill level 15 in Stealth
 17765 | Lair:5   | Reached skill level 3 in Summonings
 17774 | Lair:5   | Reached skill level 3 in Fighting
 17880 | Lair:5   | Reached skill level 4 in Summonings
 18032 | Lair:5   | Reached skill level 3 in Dodging
 18047 | Lair:5   | Reached skill level 4 in Fighting
 18087 | Lair:5   | Reached XP level 14. HP: 56/66 MP: 22/22
 18194 | Lair:5   | Reached skill level 5 in Summonings
 18289 | Lair:5   | Reached skill level 5 in Fighting
 18493 | Lair:5   | Reached skill level 6 in Summonings
 18577 | Lair:5   | Reached skill level 4 in Dodging
 18702 | Lair:5   | Reached skill level 6 in Fighting
 18756 | Lair:5   | Reached skill level 7 in Summonings
 19265 | D:11     | Found a staircase to the Orcish Mines.
 19296 | Abyss:1  | Cast into level 1 of the Abyss (orc wizard)
 19342 | Abyss:1  | Reached skill level 8 in Summonings
 19552 | Abyss:1  | HP: 14/70 [large abomination (17)]
 19632 | Abyss:1  | HP: 15/69 [wretched star/lance of force (11)]
 19644 | Abyss:1  | Reached skill level 9 in Summonings
 19711 | D:11     | Escaped the Abyss
 20310 | D:12     | Reached skill level 10 in Summonings
 21047 | D:13     | Noticed Rupert
 21082 | D:13     | Reached XP level 15. HP: 54/74 MP: 5/24
 21157 | D:13     | Found a gate to the Vaults.
 21243 | D:13     | Noticed Urug
 21251 | D:13     | Reached skill level 6 in Spellcasting
 21251 | D:13     | Killed Urug
 21289 | D:13     | Reached skill level 7 in Fighting
 21382 | D:13     | Killed Rupert
 21589 | D:13     | Identified a scroll of acquirement
 21589 | D:13     | Acquired 587 gold pieces
 21641 | D:13     | Reached skill level 7 in Spellcasting
 22531 | Orc:1    | Entered Level 1 of the Orcish Mines
 22834 | Orc:2    | Entered Level 2 of the Orcish Mines
 22869 | Orc:2    | Found a staircase to the Elven Halls.
 22886 | Orc:2    | Found a gate leading to a gauntlet.
 22886 | Orc:2    | Noticed an orc warlord
 22893 | Orc:2    | Killed an orc warlord
 22947 | Gauntlet | Entered a Gauntlet
 22947 | Gauntlet | Found a transporter.
 22947 | Gauntlet | Found a transporter.
 22947 | Gauntlet | Found a transporter.
 22965 | Gauntlet | Found a transporter.
 22966 | Gauntlet | Found a transporter.
 22974 | Gauntlet | Found a transporter.
 22983 | Gauntlet | Found a transporter.
 23003 | Gauntlet | Found a transporter.
 23020 | Gauntlet | Found a transporter.
 23045 | Gauntlet | Found a transporter.
 23063 | Gauntlet | Found a transporter.
 23114 | Gauntlet | Found a transporter.
 23166 | Gauntlet | Reached skill level 8 in Fighting
 23230 | Gauntlet | Reached skill level 8 in Spellcasting
 23334 | Gauntlet | Identified the +3 trident of the Gazing Shark {speed,
                  | Contam rF+ rCorr}
 23334 | Gauntlet | Identified the +7 ring mail of Vyuphum {rF+ SInv}
 23334 | Gauntlet | Identified the -2 tower shield of Chimes {rPois Int+4}
 23347 | Gauntlet | HP: 12/77 [minotaur/the +3 trident of the Gazing Shark
                  | {speed, Contam rF+ rCorr} (24)]
 23349 | Gauntlet | Hit by a silver javelin thrown by a minotaur

Illustrated notes

Levels and vault maps discovered:
D:1:      dpeg_arrival_long_road, layout_rooms
D:2:      layout_loops_corners, serial_shops, shop
D:3:      layout_basic
D:4:      layout_rooms, lightli_ossuary_entry_decrepit_ruins
D:5:      layout_loops_ring, mainiacjoe_overflow_24_doors,
          minmay_temple_entry_mist, serial_shops, nicolae_shop_behind_doors,
          hellmonk_guarded_unrand_hermit
D:6:      layout_loops_cross, gammafunk_ghost_necromancy,
          minmay_misc_feat_alley, lightli_orcish_oven, uniq_menkaure, uniq_pikel
D:7:      layout_gridville, uniq_maggie
D:8:      layout_rooms, gammafunk_temple_overflow_statue
D:9:      layout_rooms, mainiacjoe_overflow_catwalk_spiral,
          due_lair_maze_entry_diamond, serial_co_window_serial,
          co_window_paths_a, co_window_paths_b, co_window_of_opportunity_a,
          co_window_paths_a, co_window_corner_a, co_window_cross_2,
          co_window_corner_b, co_window_corner_cb, co_window_of_opportunity_b,
          glass_columns_b, glass_columns_b, glass_columns_b, glass_columns_b,
          glass_columns_a, columned_hall_lemuel
D:10:     layout_stronghold, nicolae_shop_clearance
D:11:     layout_roguey, hiddenorc2_lemuel
D:12:     layout_long_grid
D:13:     layout_cave_pods, david_vaults_3, uniq_urug
Temple:   hellmonk_temple_divided_pantheon
Lair:1:   cheibrodos_lair_river_kwai, layout_cave_pods,
          infiniplex_staircase_pool
Lair:2:   layout_cellular_growth, enter_volcano_3, pond
Lair:3:   layout_layer_cave, elwin_shoals_entry_stream,
          minmay_snake_entry_guardpost_small, grunt_megastairs_3
Lair:4:   layout_layer_cave
Lair:5:   evilmike_catoblepas_cave, layout_regular_city, slime_entry_2,
          grunt_megastairs_2
Orc:1:    layout_caves, ebering_ghost_rock_garden, basic_altar
Orc:2:    pf_orc_diabolical, layout_caves, basic_altar, gauntlet_entry_generic,
          uniq_jorgrun
Gauntlet: gammafunk_gauntlet_shortcut [gammafunk_gauntlet_arena_split_x,
          nicolae_gauntlet_arena_quarters, nicolae_gauntlet_arena_flowing_pool,
          nicolae_gauntlet_arena_x, nicolae_gauntlet_arena_grate_2,
          gammafunk_gauntlet_arena_arrow_garden,
          nicolae_gauntlet_exit_dead_adventurers]

Skill      XL: |  1  2  3  4  5  6  7  8  9 10 11 12 13 14 15 |
---------------+----------------------------------------------+-----
Conjurations   | 2 3 4 5 8 9 |  9.2
Shields        | 1 2 3 4 |  4.0
Air Magic      | 4 5 7 10 11 | 11.2
Spellcasting   | 4 5 8 |  8.0
Short Blades   | 3 6 8 9 10 | 10.0
Stealth        | 5 9 11 13 15 | 15.0
Invocations    | 1 5 6 |  6.0
Fighting       | 4 6 8 |  8.0
Summonings     | 4 10 | 10.0
Dodging        | 3 4 |  4.0

Action                     |  1- 3 |  4- 6 |  7- 9 | 10-12 | 13-15 || total
---------------------------+-------+-------+-------+-------+-------++-------
  Melee: Unarmed           |     2 |       |       |       |       ||     2
         Bite              |     6 |    15 |    32 |   141 |   282 ||   476
         Club              |     1 |       |       |       |       ||     1
         Dagger            |     5 |       |       |       |       ||     5
         Short sword       |    17 |    54 |   111 |   434 |   662 ||  1278
   Cast: Shock             |    52 |    97 |   226 |   260 |    56 ||   691
         Static Discharge  |       |       |    13 |     9 |     3 ||    25
         Airstrike         |       |       |     3 |    27 |   236 ||   266
         Swiftness         |       |       |       |     1 |       ||     1
         Summon Lightning  |       |       |       |       |    24 ||    24
         Lightning Bolt    |       |       |       |       |     7 ||     7
 Invoke: Stomp             |       |       |       |     1 |     2 ||     3
         Line Pass         |       |       |       |       |     1 ||     1
  Evoke: Wand              |       |       |     6 |    12 |     2 ||    20
         Condenser vane    |       |       |       |       |     1 ||     1
    Use: Scroll            |     9 |     2 |    10 |    13 |    10 ||    44
         Potion            |       |       |       |     3 |     2 ||     5
   Stab: Sleeping          |     1 |     1 |     3 |     9 |    21 ||    35
         Distracted        |       |     1 |       |       |     5 ||     6
         Paralysed         |       |       |     8 |    37 |    34 ||    79
         Confused          |       |       |       |       |     1 ||     1
 Armour: Robe              |    10 |    26 |    42 |     3 |       ||    81
         Steam dragon scal |       |       |       |   124 |   136 ||   260
         Ring mail         |       |       |       |     3 |       ||     3
  Dodge: Dodged            |    18 |    51 |   113 |   178 |   191 ||   551
  Block: Buckler           |     5 |    18 |    59 |    75 |   107 ||   264

Table legend: (Time is in decaauts)
 A = Elapsed time spent in this place.
 B = Non-inter-level travel time spent in this place.
 C = Inter-level travel time spent in this place.
 D = Time resting spent in this place.
 E = Time spent auto-exploring this place.
 F = Levels seen in this place.
 G = Mean time per level.
                   A        B        C        D        E       F      G
               +--------+--------+--------+--------+--------+-----+--------+
         Total |  23007 |  21969 |   1038 |   2968 |  14241 |  25 |  920.3 |
       Dungeon |  13527 |  12824 |    703 |   1500 |   8849 |  13 | 1040.5 |
        Temple |     31 |     31 |      0 |      0 |      6 |   1 |   31.0 |
          Lair |   6107 |   5788 |    319 |    369 |   4387 |   5 | 1221.4 |
  Orcish Mines |    413 |    399 |     14 |     48 |    218 |   2 |  206.5 |
         Abyss |    367 |    367 |      0 |     37 |    165 |   1 |  367.0 |
       Ossuary |   1483 |   1483 |      0 |    883 |    232 |   1 | 1483.0 |
       Volcano |    702 |    702 |      0 |     93 |    161 |   1 |  702.0 |
      Gauntlet |    372 |    372 |      0 |     38 |    222 |   1 |  372.0 |
               +--------+--------+--------+--------+--------+-----+--------+

Top non-repeatable levels by time:
 Ossuary: 1483 daAuts
     D:6: 1408 daAuts
    D:13: 1322 daAuts
  Lair:5: 1317 daAuts
  Lair:4: 1302 daAuts
     D:2: 1241 daAuts
  Lair:3: 1219 daAuts
     D:5: 1215 daAuts
     D:9: 1152 daAuts
  Lair:2: 1149 daAuts
  Lair:1: 1118 daAuts
     D:3: 1056 daAuts
    D:12: 1037 daAuts
     D:4: 958 daAuts
     D:7: 886 daAuts

Table legend:
 A = Kills in this place as a percentage of kills in entire the game.
 B = Kills by you in this place as a percentage of kills by you in the entire game.
 C = Kills by friends in this place as a percentage of kills by friends in the entire game.
 D = Other kills in this place as a percentage of other kills in the entire game.
 E = Experience gained in this place as a percentage of experience gained in the entire game.
 F = Experience gained in this place divided by the number of levels of this place that you have seen.
                   A       B       C       D       E      F
               +-------+-------+-------+-------+-------+----------------------
         Total | 100.0 | 100.0 | 100.0 |   N/A | 100.0 | 4161.0
       Dungeon |  59.8 |  60.6 |  35.3 |   N/A |  36.9 | 2955.0
          Lair |  23.6 |  24.3 |   0.0 |   N/A |  43.9 | 9128.2
  Orcish Mines |   4.7 |   3.2 |  52.9 |   N/A |   2.6 | 1375.0
         Abyss |   3.8 |   3.6 |  11.8 |   N/A |   7.0 | 7317.0
       Ossuary |   4.9 |   5.0 |   0.0 |   N/A |   1.0 | 1064.0
       Volcano |   2.0 |   2.1 |   0.0 |   N/A |   5.6 | 5803.0
      Gauntlet |   1.3 |   1.3 |   0.0 |   N/A |   2.9 | 3034.0
               +-------+-------+-------+-------+-------+----------------------
